 Dungeon Crawl Stone Soup version 0.29-a0-483-g69413ace17 (webtiles) character file.

Game seed: 10420293668444896209

287 oldark the Skirmisher (level 6, -3/67 HPs)
             Began as an Ogre Monk on May 26, 2022.
             Slain by a gnoll
             ... wielding a +0 halberd
              (10 damage)
             ... on level 4 of the Dungeon.
             The game lasted 00:07:44 (3790 turns).

oldark the Skirmisher (Ogre Monk)                   Turns: 3790, Time: 00:07:45

Health: -3/67      AC:  3    Str: 24    XL:     6   Next: 30%
Magic:  6/6        EV: 10    Int: 11    God:
Gold:   179        SH:  0    Dex: 11    Spells: 5/5 levels left

rFire   . . .      SeeInvis .   a - +1 mace
rCold   . . .      Faith    .   (no shield)
rNeg    . . .      Spirit   .   b - +0 robe
rPois   .          Reflect  .   (helmet restricted)
rElec   .          Harm     .   (no cloak)
rCorr   .          Rampage  .   (gloves unavailable)
Will    .....                   (boots unavailable)
Stlth   ++........              (no amulet)
HPRegen 0.21/turn               h - ring of flight
MPRegen 0.10/turn               j - +6 ring of strength

@: flying
A: large, unfitting armour, tough skin 1
a: no special abilities


You were on level 4 of the Dungeon.
You visited 2 branches of the dungeon, and saw 5 of its levels.

You collected 179 gold pieces.

Inventory:

Hand Weapons
 a - a +1 mace (weapon)
Armour
 b - a +0 robe (worn)
Jewellery
 g - a ring of wizardry
 h - a ring of flight (left hand)
 j - a +6 ring of strength (right hand)
 m - a ring of protection from fire
Wands
 r - a wand of polymorph (4)
Scrolls
 f - a scroll of amnesia
 k - 3 scrolls of teleportation
 p - 2 scrolls of identify
Potions
 c - a potion of ambrosia
 e - a potion of attraction


   Skills:
 + Level 5.9 Fighting
 * Level 5.1 Maces & Flails
 - Level 2.6 Dodging
 - Level 1.4 Stealth
 + Level 1.3 Evocations


You had 5 spell levels left.
You didn't know any spells.
Your spell library was empty.

Dungeon Overview and Level Annotations

Branches:
Dungeon (4/15)             Temple (1/1) D:4

Altars:
Ashenzari
Cheibriados
Dithmenos
Fedhas
Hepliaklqana
Kikubaaqudgha
Nemelex Xobeh
Qazlal
Ru
Sif Muna
Uskayaw
Wu Jian
Xom
Zin
The Shining One

Shops:
D:1 (   D:4 *


Innate Abilities, Weirdness & Mutations

You are too large for most types of armour.
You have tough skin. (AC +1)


Message History

The ogre shouts!
You hear a shout! x2
Found a scroll labelled PESSYO GEIS.
Found a stone staircase leading up.
Okay, then.
Found 14 gold pieces.
The ogre hits you with a +0 giant club!!
You hear a shout!
You sock the ogre!
The ogre is moderately wounded.
You hear a shout!
A gnoll comes into view. It is wielding a +0 halberd.
You hit the ogre.
The ogre is heavily wounded.
The ogre hits you with a +0 giant club!!
* * * LOW HITPOINT WARNING * * *
You sock the ogre!
The ogre is almost dead.
The ogre hits you with a +0 giant club!
* * * LOW HITPOINT WARNING * * *
A gnoll comes into view. It is wielding a +0 club.
You hit the ogre.
You kill the ogre!
The gnoll closely misses you.
Your Maces & Flails skill increases to level 5!
Your Evocations skill increases to level 1!
You have reached level 6!
You feel stronger.
You feel better. The gnoll barely misses you.
The gnoll hits you with a +0 halberd!
* * * LOW HITPOINT WARNING * * *
You see here a +0 giant club.
You hit the gnoll.
The gnoll is moderately wounded.
The gnoll hits you but does no damage.
You sock the gnoll!
The gnoll is almost dead.
The gnoll hits you with a +0 club!
* * * LOW HITPOINT WARNING * * *
The gnoll barely misses you. The gnoll hits you but does no damage.
The gnoll hits you with a +0 halberd!
You die...

* *,******,**,*,,,,,,* #.*
*,**,,,,,,*,* #*§#*
*,,,,,,,,**,* *#§,§#*
*****,,,,,,,* ***§#§#.###
**,****** *,,,§§.§..# *>#
*,*§#§#.#.#######.###* #
*,,#.§.#..##g........*******
#
*#.##.#....@g.......$,,,,,,,
#
*........[##.##...##.*******
#### *.......#.##.#*,...#,*
...# *.##.####.##.#*,,....*
.⌠.# *,*#..# #.##?#**,,.#.*
...# *,**#.# #.##.<,,,,,..*
#### #.###.###.####***,**#*
*** # #.........# *,* *,,
##########.##### **+** *,*


You could see 2 gnolls.

Vanquished Creatures
  An ogre (D:4)
  A necrophage (D:4)
  7 adders
  An ufetubus (D:4)
  2 worms (D:3)
  A dart slug (D:3)
  An orc (D:3)
  6 bats
  4 endoplasms
  4 giant cockroaches
  11 goblins
  5 hobgoblins
  2 jackals (D:1)
  5 quokkas
  8 ball pythons
  2 frilled lizards
  4 kobolds
  5 rats
70 creatures vanquished.

Vanquished Creatures (others)
  2 plants (D:4)
2 creatures vanquished.

Grand Total: 72 creatures vanquished

Notes
Turn   | Place    | Note
-------+----------+-------------------------------------------
     0 | D:1      | oldark the Ogre Monk began the quest for the Orb.
     0 | D:1      | Reached XP level 1. HP: 24/24 MP: 1/1
   235 | D:1      | Reached XP level 2. HP: 29/32 MP: 2/2
   467 | D:1      | Found Seiw's Antique Weapon Emporium.
   915 | D:1      | Found a faded altar of an unknown god.
  1081 | D:2      | Reached XP level 3. HP: 10/40 MP: 3/3
  2236 | D:3      | Reached XP level 4. HP: 49/49 MP: 4/4
  2430 | D:3      | Reached skill level 5 in Fighting
  2736 | D:3      | Found a sacrificial altar of Ru.
  2967 | D:3      | Reached XP level 5. HP: 49/57 MP: 5/5
  3472 | D:4      | Found Arhi's General Store.
  3509 | D:4      | Found a staircase to the Ecumenical Temple.
  3518 | Temple   | Entered the Ecumenical Temple
  3771 | D:4      | Found a shadowy altar of Dithmenos.
  3776 | D:4      | Noticed an ogre
  3786 | D:4      | Killed an ogre
  3787 | D:4      | Reached skill level 5 in Maces & Flails
  3787 | D:4      | Reached skill level 1 in Evocations
  3787 | D:4      | Reached XP level 6. HP: 12/67 MP: 6/6
  3790 | D:4      | Slain by a gnoll

Illustrated notes

Levels and vault maps discovered:
D:1:      lemuel_arrival_cross, layout_loops_corners,
          shapermc_ecumenical_altar_mp_ritualfount, serial_shops, shop
D:2:      layout_loops_ring
D:3:      minmay_chambers_of_threes, layout_basic,
          nicolae_ru_the_path_less_chosen, serial_bayou_pond_e
D:4:      layout_loops_corners, grunt_dithmenos_smoke_and_mirrors,
          minmay_temple_entry_junction, serial_shops,
          nicolae_shop_overgrown_old_shop, shop, shop, shop, nicolae_shop_trees,
          uniq_natasha
Temple:   dshaligram_water_room_temple

Skill      XL: |  1  2  3  4  5 |
---------------+----------------+-----
Maces & Flails | 3 4 5 |  5.1
Fighting       | 5 |  5.9
Evocations     | 1 |  1.3
Dodging        | |  2.6
Stealth        | |  1.4

Action                   |  1- 3 |  4- 6 || total
-------------------------+-------+-------++-------
Melee: Mace              |   118 |   102 ||   220
       Punch             |     1 |     3 ||     4
  Use: Scroll            |       |     8 ||     8
       Potion            |       |     6 ||     6
 Stab: Sleeping          |     4 |     3 ||     7
Armor: Robe              |    54 |    26 ||    80
Dodge: Dodged            |    91 |    48 ||   139

Table legend: (Time is in decaauts)
 A = Elapsed time spent in this place.
 B = Non-inter-level travel time spent in this place.
 C = Inter-level travel time spent in this place.
 D = Time resting spent in this place.
 E = Time spent auto-exploring this place.
 F = Levels seen in this place.
 G = Mean time per level.
                   A        B        C        D        E       F      G
               +--------+--------+--------+--------+--------+-----+--------+
         Total |   3836 |   3735 |    101 |    543 |   2541 |   5 |  767.2 |
       Dungeon |   3691 |   3614 |     77 |    543 |   2431 |   4 |  922.8 |
        Temple |    144 |    120 |     24 |      0 |    110 |   1 |  144.0 |
               +--------+--------+--------+--------+--------+-----+--------+

Top non-repeatable levels by time:
     D:1: 1294 daAuts
     D:3: 1228 daAuts
     D:2: 942 daAuts
     D:4: 225 daAuts
  Temple: 144 daAuts
